 Dungeon Crawl Stone Soup version 0.29.1-2-gbd0b4ee654 (webtiles) character file.

Game seed: 4326603786707886255

21 qeuew the Stinger (level 2, -1/22 HPs)
             Began as a Naga Venom Mage on Nov 4, 2022.
             Slain by an orc priest
             ... wielding a +0 hand axe
              (6 damage)
             ... on level 2 of the Dungeon.
             The game lasted 00:02:02 (1183 turns).

qeuew the Stinger (Naga Venom Mage)                 Turns: 1183, Time: 00:02:03

Health: -1/22      AC:  2    Str: 10    XL:     2   Next: 83%
Magic:  3/5        EV: 10    Int: 15    God:
Gold:   34         SH:  0    Dex: 11    Spells: 2/5 levels left

rFire   . . .      SeeInvis +   e - +0 hand axe
rCold   . . .      Faith    .   (no shield)
rNeg    . . .      Spirit   .   a - +0 robe
rPois   +          Reflect  .   (no helmet)
rElec   .          Harm     .   (no cloak)
rCorr   .          Rampage  .   g - +0 pair of gloves
Will    .....                   (no barding)
Stlth   ++........              (no amulet)
HPRegen 0.07/turn               (no ring)
MPRegen 0.09/turn               (no ring)

@: very slow
A: AC +0, large, see invisible, deformed body, poison resistance, slowness 2,
spit poison 1, naga tail 1
a: Spit Poison


You were on level 2 of the Dungeon.
You visited 1 branch of the dungeon, and saw 2 of its levels.

You collected 34 gold pieces.

Inventory:

Hand Weapons
 e - a +0 hand axe (weapon)
Armour
 a - a +0 robe (worn)
 g - a +0 pair of gloves (worn)
Scrolls
 d - a scroll of fear {unknown}
Potions
 b - a potion of magic
 c - a potion of brilliance
 f - a potion of haste


   Skills:
 * Level 0.1 Fighting
 * Level 0.2 Axes
 * Level 0.1 Armour
 * Level 1.9 Dodging
 - Level 3.1 Stealth
 - Level 0.2 Unarmed Combat
 * Level 2.1 Spellcasting
 * Level 1.1 Transmutations
 + Level 4.4 Poison Magic


You had 2 spell levels left.
You knew the following spells:

 Your Spells              Type           Power      Damage    Failure   Level
a - Sting                 Tmut/Pois      40%        1d5       7%          1
b - Poisonous Vapours     Pois/Air       16%        N/A       13%         2

Your spell library contained the following spells:

 Spells                   Type           Power      Damage    Failure   Level
 Mephitic Cloud           Conj/Pois/Air  6%         N/A       34%         3
 Olgreb's Toxic Radiance  Pois           14%        N/A       34%         4


Dungeon Overview and Level Annotations

Branches:
Dungeon (2/15)

Altars:


Innate Abilities, Weirdness & Mutations

Your serpentine skin is tough. (AC +0)
You have supernaturally acute eyesight. (SInv)
Armour fits poorly on your strangely shaped body.
Your system is resistant to poisons. (rPois)
You cover ground very slowly.
You can spit poison.
You have a snake-like lower body.


Message History

You are too injured to fight recklessly!
You are too injured to fight recklessly!
You are too injured to fight recklessly!
You are too injured to fight recklessly!
You closely miss the orc.
The orc is almost dead.
You hit the orc.
You kill the orc!
The orc hits you with a +0 hand axe.
Unknown command.
You hit the orc.
You kill the orc!
Magic restored.
HP restored.
You see here a +0 whip.
An orc priest comes into view. It is wielding a +0 hand axe.
The sting hits the orc priest but does no damage.
The orc priest is poisoned.
The orc priest shouts!
The sting hits the orc priest but does no damage.
The orc priest looks even sicker.
The orc priest invokes the aid of Beogh against you.
Beogh smites you! The orc priest closely misses you.
You hit the orc priest but do no damage.
The orc priest is lightly wounded.
The orc priest closely misses you.
The orc priest begins to cast a cantrip, but forgets the words!
You hit the orc priest but do no damage.
The orc priest is moderately wounded.
The orc priest hits you with a +0 hand axe.
You hit the orc priest.
The orc priest is moderately wounded.
The orc priest barely misses you.
You completely miss the orc priest.
The orc priest is heavily wounded.
The orc priest hits you with a +0 hand axe!
* * * LOW HITPOINT WARNING * * *
The orc priest hits you with a +0 hand axe.
You die...

.... #. ...#
#. #..# ..
#..# #.
#..#### #.
#.>...#
#.####.##.# #
#o#...).^.#.#
#.@...))....#
###.####.####
#.# #.# #.#
#.# #.# #.#
#.# #.# #.#
#.# #.# #.###
#.# #...#


You could see an orc priest (poisoned).

Vanquished Creatures
  A dart slug (D:1)
  3 orcs (D:2)
  An endoplasm (D:1)
  A giant cockroach (D:1)
  A kobold (D:1)
  2 ball pythons (D:1)
  A frilled lizard (D:1)
  4 goblins (D:1)
  2 rats (D:1)
16 creatures vanquished.

Notes
Turn   | Place    | Note
-------+----------+-------------------------------------------
     0 | D:1      | qeuew the Naga Venom Mage began the quest for the Orb.
     0 | D:1      | Reached XP level 1. HP: 15/15 MP: 3/3
    50 | D:1      | Found a faded altar of an unknown god.
   379 | D:1      | Reached XP level 2. HP: 16/22 MP: 1/5
   476 | D:1      | Learned a level 2 spell: Poisonous Vapours
  1183 | D:2      | Slain by an orc priest

Illustrated notes

Levels and vault maps discovered:
D:1:      psy_arrival_terrarium, layout_rooms,
          shapermc_ecumenical_altar_mp_highgroup, corner_web_ring,
          grunt_decor_one_mirror
D:2:      layout_loops_ring, serial_shops, shop

Action                   || total
-------------------------++-------
Melee: Unarmed           ||     8
       Hand axe          ||    14
       Punch             ||     1
 Cast: Sting             ||    24
  Use: Potion            ||     2
       Scroll            ||     1
Armor: Robe              ||     3
Dodge: Dodged            ||    12
